 Dungeon Crawl Stone Soup version 0.28.0 (webtiles) character file.

Game seed: 2086648168827006652

627 browni3141 the Cleaver (level 7, -4/60 HPs)
             Began as a Minotaur Fighter on Feb 11, 2022.
             Slain by a wyvern zombie (5 damage)
             ... in an ossuary.
             The game lasted 00:02:10 (3331 turns).

browni3141 the Cleaver (Minotaur Fighter)           Turns: 3331, Time: 00:02:11

Health: -4/60      AC:  7    Str: 20    XL:     7   Next: 23%
Magic:  6/6        EV: 10    Int:  5    God:
Gold:   284        SH:  5    Dex: 12    Spells: 6/6 levels left

rFire   . . .      SeeInvis .   a - +0 war axe
rCold   . . .      Faith    .   c - +0 buckler
rNeg    . . .      Spirit   .   b - +0 scale mail
rPois   .          Reflect  .   (helmet restricted)
rElec   .          Harm     .   (no cloak)
rCorr   .          Rampage  .   (no gloves)
Will    .....                   (no boots)
Stlth   ..........              (no amulet)
HPRegen 0.20/turn               (no ring)
MPRegen 0.10/turn               (no ring)

@: no status effects
A: horns 2, retaliatory headbutt
a: no special abilities


You were in an ossuary.
You visited 1 branch of the dungeon, and saw 4 of its levels.
You also visited: Ossuary.

You collected 284 gold pieces.

Inventory:

Hand Weapons
 a - a +0 war axe (weapon)
Armour
 b - a +0 scale mail (worn)
 c - a +0 buckler (worn)
Jewellery
 l - a ring of willpower
Wands
 k - a wand of acid (1) (quivered)
Scrolls
 e - 3 scrolls of identify {unknown}
 f - 2 scrolls of holy word {unknown}
 h - 4 scrolls of fog {unknown}
 m - a scroll of teleportation {unknown}
 o - a scroll of blinking {unknown}
Potions
 d - 3 potions of might
 g - 2 potions of lignification {unknown}
 i - 5 potions of curing {unknown}
 j - a potion of haste {unknown}
 n - a potion of degeneration {unknown}
 p - a potion of magic {unknown}


   Skills:
 + Level 4.3 Fighting
 + Level 8.3 Axes
 + Level 4.3 Armour
 + Level 1.8 Dodging
 + Level 4.4 Shields


You had 6 spell levels left.
You didn't know any spells.
Your spell library contained the following spells:

 Spells                   Type           Power      Damage    Failure   Level
 Sandblast                Erth           0%         2d4       88%         1
 Passwall                 Tmut/Erth      0%         N/A       96%         2
 Stone Arrow              Conj/Erth      0%         3d7       99%         3


Dungeon Overview and Level Annotations

Branches:
Dungeon (4/15)            Ossuary (1/1)
 Temple: D:4-7

Altars:


Innate Abilities, Weirdness & Mutations

You have a pair of horns on your head.
You reflexively headbutt those who attack you in melee.


Message History

You slash the mummy!
You destroy the mummy!
You slash the water moccasin zombie!
You destroy the water moccasin zombie!
You hit the bullfrog zombie.
The bullfrog zombie is almost destroyed.
The bullfrog zombie hits you.
* * * LOW HITPOINT WARNING * * *
The bullfrog zombie hits you but does no damage.
Aiming: Corrosive Bolt
Press: ? - help, Q - select action Shift-Dir - straight line, f - bullfrog zombie
Aim: a bullfrog zombie (almost destroyed, 83% to hit)
The bolt of acid hits the bullfrog zombie!
The acid corrodes the bullfrog zombie!
You destroy the bullfrog zombie!
The bolt of acid hits the wyvern zombie!
The wyvern zombie is moderately damaged.
Unknown command.
Aiming: Corrosive Bolt
Press: ? - help, Q - select action Shift-Dir - straight line, f - wyvern zombie
Aim: a wyvern zombie (moderately damaged, 90% to hit)
The bolt of acid hits the wyvern zombie!
The wyvern zombie is heavily damaged.
The wyvern zombie bites you.
* * * LOW HITPOINT WARNING * * *
Unknown command.
Aiming: Corrosive Bolt
Press: ? - help, Q - select action Shift-Dir - straight line, f/p - wyvern zombie
Aim: a wyvern zombie (heavily damaged, 90% to hit)
The bolt of acid misses the wyvern zombie.
You block the wyvern zombie's attack. The wyvern zombie bites you!
* * * LOW HITPOINT WARNING * * *
Unknown command.
Aiming: Corrosive Bolt
Press: ? - help, Q - select action Shift-Dir - straight line, f/p - wyvern zombie
Aim: a wyvern zombie (heavily damaged, 90% to hit)
The bolt of acid hits the wyvern zombie.
The wyvern zombie is heavily damaged.
The wyvern zombie bites you.
You die...

# ≈≈ ≈≈≈
.#≈≈ #####
≈≈≈≈≈
#∩..#≈..#
#.∩@Z≈#
#...#.≈.≈#
#####
≈#≈≈≈ .# #
#


You could see a wyvern zombie.

Vanquished Creatures
  A necrophage (D:4)
  2 kobold brigands (D:3)
  A scorpion (D:3)
  A wyvern zombie (Ossuary)
  A water moccasin zombie (Ossuary)
  A howler monkey (D:4)
  A bullfrog zombie (Ossuary)
  A jelly (D:4)
  3 mummies
  3 adders
  An adder skeleton (D:4)
  5 orcs
  10 ball pythons
  3 endoplasms
  2 giant cockroaches
  2 goblins
  4 hobgoblins
  3 quokkas
  4 bats
  3 frilled lizards (D:2)
  10 kobolds
  2 rats
  2 toadstools (D:4)
66 creatures vanquished.

Vanquished Creatures (others)
  5 fungi (D:4)
  4 toadstools (D:4)
  9 withered plants (Ossuary)
18 creatures vanquished.

Grand Total: 84 creatures vanquished

Notes
Turn   | Place    | Note
-------+----------+-------------------------------------------
     0 | D:1      | browni3141 the Minotaur Fighter began the quest for the
                  | Orb.
     0 | D:1      | Reached XP level 1. HP: 19/19 MP: 0/0
   151 | D:1      | Reached skill level 3 in Axes
   971 | D:2      | Reached XP level 2. HP: 27/27 MP: 1/1
  1644 | D:2      | Found a faded altar of an unknown god.
  1818 | D:3      | Reached skill level 4 in Axes
  1818 | D:3      | Reached XP level 3. HP: 33/33 MP: 2/2
  1851 | D:3      | Noticed a scorpion
  1856 | D:3      | Killed a scorpion
  1857 | D:3      | Reached skill level 5 in Axes
  1857 | D:3      | Reached XP level 4. HP: 40/40 MP: 3/3
  2068 | D:3      | Noticed a kobold brigand
  2069 | D:3      | Noticed a kobold brigand
  2157 | D:3      | Reached skill level 6 in Axes
  2274 | D:3      | Killed a kobold brigand
  2275 | D:3      | Reached XP level 5. HP: 25/46 MP: 4/4
  2278 | D:3      | Reached skill level 7 in Axes
  2876 | D:4      | Reached XP level 6. HP: 52/52 MP: 5/5
  2895 | D:4      | Reached skill level 8 in Axes
  3145 | D:4      | Reached skill level 1 in Dodging
  3150 | D:4      | Found a sand-covered staircase.
  3165 | Ossuary  | Entered an ossuary
  3323 | Ossuary  | Reached XP level 7. HP: 17/59 MP: 6/6
  3330 | Ossuary  | HP: 1/60 [wyvern zombie (10)]
  3331 | Ossuary  | Slain by a wyvern zombie

Illustrated notes

Levels and vault maps discovered:
D:1:      zaba_arrival_water, layout_loops_cross
D:2:      layout_loops_ring, hellmonk_ecumenical_altar_zigzags
D:3:      cheibrodos_thug_alley, layout_basic
D:4:      layout_rooms, gup_ossuary_entry_pyramid,
          hangedman_decor_clover_reticule, minmay_gold_behind_fungi
Ossuary:  ossuary_zaba_flooded

Skill      XL: |  1  2  3  4  5  6 |
---------------+-------------------+-----
Axes           | 3 4 5 6 7 8 |  8.3
Fighting       | 4 |  4.3
Dodging        | 1 |  1.8
Shields        | 4 |  4.4
Armour         | 4 |  4.3

Action                   |  1- 3 |  4- 6 |  7- 9 || total
-------------------------+-------+-------+-------++-------
Melee: War axe           |    51 |   102 |     3 ||   156
       Headbutt          |     8 |    18 |       ||    26
Evoke: Wand              |       |     4 |     6 ||    10
Armor: Scale mail        |    28 |    37 |     1 ||    66
Dodge: Dodged            |    25 |    41 |     1 ||    67
Block: Buckler           |     5 |    21 |     1 ||    27
